 Dungeon Crawl Stone Soup version 0.23.2-30-g0e89c35649 (webtiles) character file.

Game seed: 2243238084590341079

134 troglodite the Charmwright (level 5, 0/43 HPs)
             Began as a Gnoll Skald on June 11, 2019.
             Slain by an orc
             ... wielding a +0 flail
              (4 damage)
             ... on level 3 of the Dungeon.
             The game lasted 00:06:18 (2652 turns).

troglodite the Charmwright (Gnoll Skald)            Turns: 2652, Time: 00:06:19

Health: 0/43       AC:  9    Str: 13    XL:     5   Next: 17%
Magic:  12/12      EV: 15    Int: 15    God:
Gold:   129        SH:  0    Dex: 16    Spells: 6/14 levels left

rFire    . . .     SeeInvis .   o - +3 short sword (holy)
rCold    . . .     Gourm    +   (no shield)
rNeg     . . .     Faith    .   x - +0 ring mail
rPois    .         Spirit   .   e - +0 helmet
rElec    .         Reflect  .   h - +2 cloak {MR+}
rCorr    +         Harm     .   (no gloves)
MR       +....                  (no boots)
Stlth    +.........             n - amulet of the gourmand
HPRegen  0.14/turn              y - +2 ring of evasion
MPRegen  0.13/turn              r - ring of resist corrosion

@: no status effects
A: distributed training, fangs 1, strong nose
a: no special abilities


You were on level 3 of the Dungeon.
You were completely stuffed.

You visited 1 branch of the dungeon, and saw 5 of its levels.

You collected 129 gold pieces.

Inventory:

Hand Weapons
 a - a +0 falchion
 i - a +0 hunting sling
 o - a +3 short sword of holy wrath (weapon)
Missiles
 m - 92 stones (quivered)
Armour
 b - a +0 leather armour
 e - a +0 helmet (worn)
 h - a +2 cloak of magic resistance (worn)
 x - a +0 ring mail (worn)
Jewellery
 n - an amulet of the gourmand (around neck)
 r - a ring of resist corrosion (right hand)
 y - a +2 ring of evasion (left hand)
Scrolls
 g - a scroll of enchant armour {unknown}
 k - a scroll of remove curse
 l - a scroll of noise {unknown}
 p - 2 scrolls of identify {unknown}
 q - a scroll of enchant weapon
 s - a scroll of teleportation {unknown}
Potions
 c - 2 potions of curing {unknown}
 f - 2 potions of heal wounds {unknown}
 j - 2 potions of lignification {unknown}
 t - a potion of might {unknown}
 u - a potion of resistance {unknown}
 w - a potion of flight {unknown}
Comestibles
 d - 7 rations


   Skills:
 + Level 4.7 Fighting
 + Level 1.3 Short Blades
 + Level 4.7 Long Blades
 + Level 1.3 Axes
 + Level 1.3 Maces & Flails
 + Level 1.3 Polearms
 + Level 1.3 Staves
 + Level 1.3 Slings
 + Level 1.3 Bows
 + Level 1.3 Crossbows
 + Level 1.3 Throwing
 + Level 2.9 Armour
 + Level 4.7 Dodging
 + Level 1.3 Stealth
 + Level 1.3 Shields
 + Level 1.3 Unarmed Combat
 + Level 5.1 Spellcasting
 + Level 1.1 Conjurations
 + Level 1.1 Hexes
 + Level 5.5 Charms
 + Level 1.1 Summonings
 + Level 1.1 Necromancy
 + Level 1.1 Translocations
 + Level 1.1 Transmutations
 + Level 1.1 Fire Magic
 + Level 1.1 Ice Magic
 + Level 1.1 Air Magic
 + Level 1.1 Earth Magic
 + Level 1.1 Poison Magic
 + Level 1.5 Invocations
 + Level 1.3 Evocations


You had 6 spell levels left.
You knew the following spells:

 Your Spells              Type           Power        Failure   Level  Hunger
a - Infusion              Chrm           ###.         3%          1    None
b - Spectral Weapon       Hex/Chrm       ##......     26%         3    ###....
c - Regeneration          Chrm/Necr      ##........   26%         3    ###....
d - Confusing Touch       Hex            #.....       22%         1    None

Your spell library contained the following spells:

 Spells                   Type           Power        Failure   Level  Hunger
 Song of Slaying          Chrm           ###.....     5%          2    ##.....
 Shroud of Golubria       Chrm/Tloc      ##........   13%         2    ##.....
 Animate Skeleton         Necr           N/A          22%         1    None
 Apportation              Tloc           #.....       22%         1    None
 Summon Small Mammal      Summ           #...         22%         1    None


Dungeon Overview and Level Annotations

Branches:
Dungeon (5/15)
 Temple: D:4-7

Altars:
Fedhas
Sif Muna


Innate Abilities, Weirdness & Mutations

Your experience applies equally to all skills.
You have very sharp teeth.
Your uncanny sense of smell can sniff out nearby items.


Message History

The orc priest hits you but does no damage.
The orc hits you with a +0 flail.
You hit the orc priest.
The orc priest is almost dead.
The orc priest hits you but does no damage.
The orc hits you with a +0 flail.
You hit the orc priest.
You kill the orc priest!
You have reached level 5!
The orc priest mumbles some strange prayers to Beogh against you.
Beogh smites you! The orc hits you with a +0 flail!
* * * LOW HITPOINT WARNING * * *
The orc closely misses you.
The orc priest looks encouraged for a moment.
There is a stone staircase leading up here.
The orc barely misses you.
You climb upwards.
There is a stone staircase leading down here.
You barely miss the orc. The orc hits you with a +0 flail.
You die...

############...#.#
#...#.#####...
...............#.#
#...#.#.......
#############'##.#
#...#.#.......
#......).....#
#...#.#.)#####
#............#
#...#.#..#####
#............#
#####.#.......
#............####
#...######
##########...o..#
##### #...
#..@...# #...
#......# #...
#......# #...
#......# #...
#......# #...
#......# #...
#......# ####
#......# #.
#......# #.


You could see an orc.

Vanquished Creatures
  An orc priest (D:4)
  Terence (D:2)
  An adder (D:2)
  An ooze (D:3)
  A worm (D:2)
  5 dart slugs
  3 leopard geckos
  4 orcs
  7 bats
  2 giant cockroaches
  4 hobgoblins
  4 jackals (D:3)
  2 frilled lizards (D:3)
  4 goblins
  2 kobolds
  7 rats
49 creatures vanquished.

Notes
Turn   | Place    | Note
-------+----------+-------------------------------------------
     0 | D:1      | troglodite the Gnoll Skald began the quest for the Orb.
     0 | D:1      | Reached XP level 1. HP: 20/20 MP: 6/6
   129 | D:1      | Reached XP level 2. HP: 19/26 MP: 7/7
   343 | D:1      | You fall through a shaft!
   442 | D:2      | Noticed Terence
   449 | D:2      | Killed Terence
   449 | D:2      | Reached skill level 5 in Spellcasting
   449 | D:2      | Reached skill level 1 in Invocations
   449 | D:2      | Reached XP level 3. HP: 31/31 MP: 7/9
   512 | D:2      | Learned a level 3 spell: Spectral Weapon
   516 | D:2      | Learned a level 3 spell: Regeneration
   559 | D:2      | Found a deep blue altar of Sif Muna.
   706 | D:2      | Found a blossoming altar of Fedhas.
   774 | D:2      | Reached skill level 1 in Short Blades
   774 | D:2      | Reached skill level 1 in Axes
   774 | D:2      | Reached skill level 1 in Maces & Flails
   774 | D:2      | Reached skill level 1 in Polearms
   774 | D:2      | Reached skill level 1 in Staves
   774 | D:2      | Reached skill level 1 in Slings
   774 | D:2      | Reached skill level 1 in Bows
   774 | D:2      | Reached skill level 1 in Crossbows
   774 | D:2      | Reached skill level 1 in Throwing
   774 | D:2      | Reached skill level 1 in Stealth
   774 | D:2      | Reached skill level 1 in Shields
   774 | D:2      | Reached skill level 1 in Unarmed Combat
   774 | D:2      | Reached skill level 1 in Evocations
   774 | D:2      | Reached XP level 4. HP: 24/38 MP: 11/11
  1670 | D:3      | Learned a level 1 spell: Confusing Touch
  2059 | D:3      | Reached skill level 1 in Conjurations
  2059 | D:3      | Reached skill level 1 in Hexes
  2059 | D:3      | Reached skill level 1 in Summonings
  2059 | D:3      | Reached skill level 1 in Necromancy
  2059 | D:3      | Reached skill level 1 in Translocations
  2059 | D:3      | Reached skill level 1 in Transmutations
  2059 | D:3      | Reached skill level 1 in Fire Magic
  2059 | D:3      | Reached skill level 1 in Ice Magic
  2059 | D:3      | Reached skill level 1 in Air Magic
  2059 | D:3      | Reached skill level 1 in Earth Magic
  2059 | D:3      | Reached skill level 1 in Poison Magic
  2384 | D:5      | Entered Level 5 of the Dungeon
  2641 | D:4      | Reached XP level 5. HP: 30/43 MP: 12/12
  2652 | D:3      | Slain by an orc

Skill      XL: |  1  2  3  4 |
---------------+-------------+-----
Spellcasting   | 5 |  5.1
Invocations    | 1 |  1.5
Short Blades   | 1 |  1.3
Axes           | 1 |  1.3
Maces & Flails | 1 |  1.3
Polearms       | 1 |  1.3
Staves         | 1 |  1.3
Slings         | 1 |  1.3
Bows           | 1 |  1.3
Crossbows      | 1 |  1.3
Throwing       | 1 |  1.3
Stealth        | 1 |  1.3
Shields        | 1 |  1.3
Unarmed Combat | 1 |  1.3
Evocations     | 1 |  1.3
Conjurations   | 1 |  1.1
Hexes          | 1 |  1.1
Summonings     | 1 |  1.1
Necromancy     | 1 |  1.1
Translocations | 1 |  1.1
Transmutations | 1 |  1.1
Fire Magic     | 1 |  1.1
Ice Magic      | 1 |  1.1
Air Magic      | 1 |  1.1
Earth Magic    | 1 |  1.1
Poison Magic   | 1 |  1.1
Fighting       | |  4.7
Long Blades    | |  4.7
Armour         | |  2.9
Dodging        | |  4.7
Charms         | |  5.5

Action                   |  1- 3 |  4- 6 || total
-------------------------+-------+-------++-------
Melee: Falchion          |    65 |    37 ||   102
       Bite              |     8 |     7 ||    15
       Short sword       |       |    45 ||    45
       Punch             |       |     1 ||     1
  Use: Scroll            |       |     3 ||     3
 Stab: Sleeping          |       |     1 ||     1
  Eat: Chunk             |     3 |    13 ||    16
Armor: Leather armour    |    24 |    21 ||    45
       Ring mail         |       |    17 ||    17
Dodge: Dodged            |    64 |    70 ||   134
       Rpst.: Falchion   |    27 |    11 ||    38
